 Dungeon Crawl Stone Soup version 0.31.0-12-g77e489cdc1 (webtiles) character file.

Game seed: 1538747557610316064

126 Edyrem the Poker (level 5, 0/42 HPs)
             Began as a Merfolk Berserker on Feb 27, 2024.
             Was a Follower of Trog.
             Killed by nerve-wracking pain
             ... invoked by Grinder
              (3 damage)
             ... on level 3 of the Dungeon.
             The game lasted 00:04:55 (1635 turns).

Edyrem the Poker (Merfolk Berserker)                Turns: 1635, Time: 00:04:56

Health: 0/42       AC:  7    Str: 19    XL:     5   Next: 9%
Magic:  5/5        EV: 13    Int:  7    God:    Trog [*.....]
Gold:   71         SH:  0    Dex: 13    Spells: 4/4 levels left

rFire   . . .        a - +1 spear (freeze)
rCold   . . .        (no shield)
rNeg    . . .        m - +3 leather armour
rPois   .            (no helmet)
rElec   .            (no cloak)
rCorr   .            e - +0 pair of gloves
SInv    .            (no boots)
Will    .....        (no amulet)
Stlth   +            (no ring)
HPRegen 0.27/turn    (no ring)
MPRegen 0.09/turn

%: no passive effects
@: on berserk cooldown, slowed, very slow
A: (nimble swimmer 2), mertail
a: Renounce Religion, Berserk


You were on level 3 of the Dungeon.
You worshipped Trog.
Trog was aware of your devotion.
You visited 1 branch of the dungeon, and saw 3 of its levels.

You collected 71 gold pieces.

Inventory:

Hand Weapons
 a - a +1 spear of freezing (weapon)
 b - a +0 hand axe
 n - a +5 club
Missiles
 f - 5 javelins (quivered)
Armour
 e - a +0 pair of gloves (worn)
 m - a +3 leather armour (worn)
Scrolls
 c - a scroll of fog {unknown}
 d - 2 scrolls of teleportation {unknown}
 g - a scroll of enchant weapon {unknown}
 h - 3 scrolls of identify {unknown}
 k - a scroll of fear {unknown}
 l - a scroll of noise {unknown}
Potions
 i - a potion of cancellation {unknown}
 j - 2 potions of might {unknown}


   Skills:
 + Level 4.1 Fighting
 * Level 6.0 Polearms
 - Level 1.3 Armour
 + Level 4.0 Dodging


You had 4 spell levels left.
You didn't know any spells.
Your spell library was empty.

Dungeon Overview and Level Annotations

Branches:
Dungeon (3/15)

Altars:

Annotations:
D:3 Grinder


Innate Abilities, Weirdness & Mutations

((You are very nimble when in or above water. (Stealth+, EV+, Speed+++)))
Your lower body shifts to a powerful aquatic tail in water.


Message History

Grinder gestures at you. Pain shoots through your body!
* * * LOW HITPOINT WARNING * * *
Grinder hits you!
* * * LOW HITPOINT WARNING * * *
You writhe in agony.
* * * LOW HITPOINT WARNING * * *
You can move again.
A red film seems to cover your vision as you go berserk!
You feel yourself moving faster!
You feel mighty!
Grinder blinks!
You feel a strong urge to attack something.
You feel your anger nearly subside.
You are no longer berserk.
You are exhausted.
You feel yourself slow down.
Reach: a) +1 spear (freeze)
Press: ? - help, Dir - move target, f/p - Grinder
Aim: Grinder (severely wounded, about 37% to evade your +1 spear of freezing)
You reach to attack!
You barely miss Grinder.
Grinder is severely wounded.
Reach: a) +1 spear (freeze)
Press: ? - help, Dir - move target, f/p - Grinder
Aim: Grinder (severely wounded, about 37% to evade your +1 spear of freezing)
You hit Grinder.
Grinder is severely wounded.
Grinder barely misses you.
You hit Grinder.
Grinder is severely wounded.
Grinder misses you.
You hit Grinder.
Grinder is severely wounded.
Grinder hits you.
* * * LOW HITPOINT WARNING * * *
You writhe in agony.
* * * LOW HITPOINT WARNING * * *
You hit Grinder but do no damage.
Grinder is severely wounded.
Grinder gestures at you. Pain shoots through your body!
You die...
Grinder says, "Now the real fun starts!"

.......# #..............
.....# #####..........
...# #..........
#######.#########....#####
....[....................'
#######.#########........#
#.####...##........#
####.........#........#
#.....@......########.#
#......5.....# #.#
#.........##.########.#
#######.$.# ..........
...# ########.. ..!# ##.
#### #. #. ##


You could see Grinder.

Vanquished Creatures
  Jessica (D:3)
  3 gnolls (D:3)
  3 adders (D:2)
  A ribbon worm (D:2)
  4 bats
  2 endoplasms
  2 giant cockroaches (D:2)
  5 hobgoblins
  2 kobolds
  3 quokkas (D:1)
  5 ball pythons
  4 frilled lizards
  4 goblins
  4 rats
43 creatures vanquished.

Notes
Turn   | Place    | Note
-------+----------+-------------------------------------------
     0 | D:1      | Edyrem the Merfolk Berserker began the quest for the Orb.
     0 | D:1      | Reached XP level 1. HP: 18/18 MP: 1/1
   213 | D:1      | Reached XP level 2. HP: 23/24 MP: 2/2
   904 | D:2      | Reached XP level 3. HP: 21/29 MP: 3/3
   992 | D:2      | Reached skill level 5 in Polearms
  1140 | D:2      | Reached XP level 4. HP: 35/37 MP: 4/4
  1378 | D:3      | Noticed Jessica
  1389 | D:3      | Killed Jessica
  1396 | D:3      | Reached skill level 6 in Polearms
  1396 | D:3      | Reached XP level 5. HP: 14/42 MP: 5/5
  1604 | D:3      | Noticed Grinder
  1623 | D:3      | Paralysed by Grinder for 3 turns
  1635 | D:3      | Killed from afar by Grinder

Illustrated notes

Levels and vault maps discovered:
D:1:      amcnicky_arrival_abandoned_market, layout_basic
D:2:      layout_basic, st_stairs_6, minmay_cupped
D:3:      layout_basic, mainiacjoe_overflow_surrounded_room, st_stairs_1,
          uniq_grinder, uniq_jessica

Skill      XL: |  1  2  3  4 |
---------------+-------------+-----
Dodging        | 3 4 |  4.0
Polearms       | 5 6 |  6.0
Fighting       | 4 |  4.1
Armour         | |  1.3

Action                     |  1- 3 |  4- 6 || total
---------------------------+-------+-------++-------
  Melee: Spear             |   120 |    49 ||   169
         Punch             |     1 |     1 ||     2
 Invoke: Berserk           |       |     2 ||     2
 Armour: Ring mail         |    44 |       ||    44
         Leather armour    |       |    18 ||    18
  Dodge: Dodged            |    47 |    16 ||    63
